 Dungeon Crawl Stone Soup version 0.28.0-53-g5a82cb258f (webtiles) character file.

Game seed: 2436875260474236763

512 SanguineChosen the Skirmisher (level 7, -4/44 HPs)
             Began as a Gargoyle Fighter on July 23, 2022.
             Was an Initiate of Trog.
             Slain by an orc warrior zombie
             ... wielding a +0 mace of venom
              (7 damage)
             ... on level 4 of the Dungeon.
             The game lasted 00:09:41 (4342 turns).

SanguineChosen the Skirmisher (Gargoyle Fighter)    Turns: 4342, Time: 00:09:42

Health: -4/44      AC: 13    Str: 22    XL:     7   Next: 19%
Magic:  7/7        EV:  9    Int:  8    God:    Trog [......]
Gold:   116        SH:  4    Dex:  9    Spells: 6/6 levels left

rFire   + . .      SeeInvis +   a - +0 flail
rCold   + . .      Faith    .   c - +0 buckler
rNeg    + . .      Spirit   .   b - +0 scale mail
rPois   ∞          Reflect  .   (no helmet)
rElec   +          Harm     .   l - +0 cloak
rCorr   +          Rampage  .   (no gloves)
Will    .....                   (no boots)
Stlth   ..........              (no amulet)
HPRegen 0.14/turn               e - ring of see invisible
MPRegen 0.10/turn               (no ring)

@: resistant, studying Fighting
A: sickness immunity, AC +4, negative energy resistance 1, electricity
resistance, torment resistance 1, petrification resistance
a: Renounce Religion


You were on level 4 of the Dungeon.
You worshipped Trog.
Trog was noncommittal.
You visited 1 branch of the dungeon, and saw 4 of its levels.

You collected 116 gold pieces.

Inventory:

Hand Weapons
 a - a +0 flail (weapon)
 n - a +4 antimagic scythe
Armour
 b - a +0 scale mail (worn)
 c - a +0 buckler (worn)
 l - a +0 cloak (worn)
Jewellery
 e - a ring of see invisible (left hand)
 f - a ring of wizardry
 h - an amulet of magic regeneration
 j - a ring of ice
Wands
 k - a wand of iceblast (10)
 m - a wand of digging (5)
Scrolls
 g - 3 scrolls of identify
 i - a scroll of teleportation
 o - a scroll of magic mapping {unknown}
 p - a scroll of holy word {unknown}
Potions
 d - a potion of might


   Skills:
 + Level 5.4 Fighting
 + Level 4.7 Maces & Flails
 + Level 5.1 Armour
 + Level 1.5 Dodging
 + Level 1.0 Stealth
 + Level 4.2 Shields


You had 6 spell levels left.
You didn't know any spells.
Your spell library was empty.

Dungeon Overview and Level Annotations

Branches:
Dungeon (4/15)
 Temple: D:4-7

Altars:
Gozag
Trog
Zin

Shops:
D:2 [

Annotations:
D:3 3 runed translucent doors, JJisdabomb's ghost, amateur DsFi
D:4 1 transporter


Innate Abilities, Weirdness & Mutations

You are immune to sickness and miasma.
Your stone body is resilient. (AC +4)
You are immune to poison.
You resist negative energy. (rN+)
You are resistant to electric shocks. (rElec)
You are resistant to unholy torment.
You are immune to petrification.


Message History

The orc warrior zombie hits you with a +2 flail of venom.
You block the orc warrior zombie's attack.
You barely miss the orc warrior zombie.
The orc warrior zombie is moderately damaged.
The orc warrior zombie hits you but does no damage.
The orc warrior zombie misses you.
You hit the orc warrior zombie.
The orc warrior zombie is heavily damaged.
The orc warrior zombie barely misses you.
The orc warrior zombie hits you with a +0 mace of venom.
You thump the orc warrior zombie!
The orc warrior zombie is severely damaged.
The orc warrior zombie completely misses you.
The orc warrior zombie hits you with a +0 mace of venom.
You are too injured to fight recklessly!
You sock the orc warrior zombie!
You destroy the orc warrior zombie!
Trog accepts your kill.
The orc warrior zombie hits you with a +0 mace of venom.
* * * LOW HITPOINT WARNING * * *
The orc warrior zombie hits you but does no damage.
You see here a +2 flail of venom.
You sock the orc warrior zombie!
The orc warrior zombie is moderately damaged.
The orc warrior zombie hits you with a +0 mace of venom.
* * * LOW HITPOINT WARNING * * *
You hit the orc warrior zombie.
The orc warrior zombie is heavily damaged.
The orc warrior zombie misses you.
You hit the orc warrior zombie.
The orc warrior zombie is heavily damaged.
The orc warrior zombie barely misses you.
You sock the orc warrior zombie!
The orc warrior zombie is severely damaged.
The orc warrior zombie hits you with a +0 mace of venom!
* * * LOW HITPOINT WARNING * * *
You sock the orc warrior zombie!
The orc warrior zombie is almost destroyed.
The orc warrior zombie hits you with a +0 mace of venom!
You die...

..........)###########...#.#.....
..####...........................
.....#.#......########.###.#.....
.....#.#....########.......'.....
............##°°☼○.#########.....
.....#.#....##○○.☼°#○☼○☼○.######.
...###.#....##○☼°°☼#☼°°○○.#### #.
...###.#.....#$$.☼°☼.#.#○°#..###.
............©#©!@☼°°...©°○#©.....
########.....#)$.Z°°.#.#.°#......
.............#°°○.○#°○○○○.#......
...........###°°○○○#.°°°°°###....
...........# #°°☼○°######## #....
...........######### #....
.......###.......# #.... )......#
#.......# #.... ..##'###
#.......# ##...


You could see an orc warrior zombie.

Vanquished Creatures
  Sigmund (D:4)
  A necrophage (D:3)
  2 hounds
  A bullfrog skeleton (D:4)
  An orc priest (D:3)
  An orc wizard (D:3)
  A howler monkey skeleton (D:4)
  3 adders
  An orc zombie (D:4)
  3 worms
  3 dart slugs
  3 orcs
  8 bats
  7 endoplasms
  2 giant cockroaches
  7 goblins
  9 hobgoblins
  5 quokkas
  9 ball pythons
  A frilled lizard (D:2)
  6 kobolds
  4 rats
79 creatures vanquished.

Notes
Turn   | Place    | Note
-------+----------+-------------------------------------------
     0 | D:1      | SanguineChosen the Gargoyle Fighter began the quest for the
                  | Orb.
     0 | D:1      | Reached XP level 1. HP: 14/14 MP: 1/1
   175 | D:1      | Reached XP level 2. HP: 19/19 MP: 2/2
   950 | D:2      | Reached XP level 3. HP: 9/24 MP: 3/3
  1178 | D:2      | Found Budefrar's Armour Boutique.
  1263 | D:2      | Found a glowing silver altar of Zin.
  1597 | D:2      | Reached XP level 4. HP: 29/29 MP: 4/4
  1678 | D:2      | Found a faded altar of an unknown god.
  2258 | D:3      | Found an opulent altar of Gozag.
  2372 | D:3      | Noticed JJisdabomb's ghost (amateur DsFi)
  2433 | D:3      | Reached XP level 5. HP: 19/34 MP: 5/5
  2657 | D:3      | Reached skill level 1 in Dodging
  2884 | D:3      | Found a runed translucent gate.
  2884 | D:3      | Found a runed translucent gate.
  2884 | D:3      | Found a runed translucent gate.
  2898 | D:3      | Noticed a necrophage
  2909 | D:3      | Killed a necrophage
  2910 | D:3      | Reached XP level 6. HP: 27/39 MP: 6/6
  3499 | D:4      | Reached skill level 5 in Fighting
  3567 | D:4      | Found a transporter.
  3604 | D:4      | Found a bloodstained altar of Trog.
  3608 | D:4      | Noticed Sigmund
  3621 | D:4      | Killed Sigmund
  3622 | D:4      | Reached skill level 5 in Armour
  3622 | D:4      | Reached skill level 1 in Stealth
  3622 | D:4      | Reached XP level 7. HP: 15/44 MP: 0/7
  3628 | D:4      | Became a worshipper of Trog the Wrathful
  3902 | D:4      | Found a transporter.
  4342 | D:4      | Slain by an orc warrior zombie

Illustrated notes

Levels and vault maps discovered:
D:1:      psy_arrival_basics, layout_loops_ring
D:2:      layout_loops_ring, shapermc_ecumenical_altar_starsandcircs,
          serial_shops, nicolae_shop_hallway_plus, basic_altar
D:3:      layout_basic, mainiacjoe_overflow_24_doors, gammafunk_ghost_icy,
          minmay_goblin_outpost
D:4:      gammafunk_cloud_chamber, layout_basic, bloody_trog, uniq_sigmund

Skill      XL: |  1  2  3  4  5  6 |
---------------+-------------------+-----
Fighting       | 4 5 |  5.4
Armour         | 4 5 |  5.1
Maces & Flails | 3 4 |  4.7
Dodging        | 1 |  1.5
Shields        | 4 |  4.2
Stealth        | 1 |  1.0

Action                   |  1- 3 |  4- 6 |  7- 9 || total
-------------------------+-------+-------+-------++-------
Melee: Flail             |   123 |   139 |    20 ||   282
  Use: Scroll            |       |     4 |       ||     4
       Potion            |       |     3 |     1 ||     4
Armor: Scale mail        |    93 |    90 |    10 ||   193
Dodge: Dodged            |    87 |    79 |     7 ||   173
Block: Buckler           |    34 |    40 |     2 ||    76
